 Dungeon Crawl Stone Soup version 0.18.1-50-g88ac8fd (webtiles) character file.

92 Charly the Sneak (level 4, -2/21 HPs)
             Began as a Spriggan Enchanter on Oct 22, 2016.
             Slain by an orc warrior
             ... wielding a +0 short sword
              (11 damage)
             ... on level 7 of the Dungeon.
             The game lasted 00:09:32 (527 turns).

Charly the Sneak (Spriggan Enchanter)                Turns: 527, Time: 00:09:33

Health: -2/21      AC:  3    Str:  4    XL:     4   Next: 35%
Magic:  9/9        EV: 18    Int: 17    God:
Gold:   72         SH:  0    Dex: 16    Spells: 3 memorised, 2 levels left

rFire  . . .     SeeInvis +     a - +1 dagger
rCold  . . .     Gourm    .     b - +1 robe
rNeg   . . .     Faith    .     (shield restricted)
rPois  .         Spirit   .     (helmet restricted)
rElec  .         Dismiss  .     (no cloak)
rCorr  .         Reflect  .     (gloves unavailable)
SustAt .         Harm     .     (boots unavailable)
MR     .....                    (no amulet)
Stlth  ++++......               (no ring)
                                (no ring)

@: very quick, not resistant to hostile enchantments, stealthy
A: unfitting armour, see invisible, herbivore 3, speed 3, slow metabolism 2
a: no special abilities


You were on level 7 of the Dungeon.
You were not hungry.

You visited 1 branch of the dungeon, and saw 8 of its levels.

You collected 72 gold pieces.

Inventory:

Hand Weapons
 a - a +1 dagger (weapon)
 f - the +6 flail "Umioluab" {crush, rPois MR+, unknown}
   (You found it on level 7 of the Dungeon)

   It inflicts extra damage upon your enemies.
   It protects you from poison.
   It affects your resistance to hostile enchantments.
Armour
 b - a +1 robe (worn)
 h - a cursed +0 cloak
Potions
 e - a potion of heal wounds
 g - a potion of magic {unknown}
Books
 c - a book of Maledictions

   Spells                             Type                      Level
   a - Corona                         Hexes                        1
   b - Ensorcelled Hibernation        Hexes/Ice                    2
   c - Confuse                        Hexes                        3
   d - Tukima's Dance                 Hexes                        3
   e - Dazzling Spray                 Conjuration/Hexes            3
Comestibles
 d - a bread ration


   Skills:
 - Level 1.1 Short Blades
 - Level 3.0 Dodging
 + Level 6.5 Stealth
 - Level 2.6 Spellcasting
 + Level 5.0 Hexes


You had 2 spell levels left.
You knew the following spells:

 Your Spells              Type           Power        Failure   Level  Hunger
a - Corona                Hex            ###....      2%          1    #......
c - Confuse               Hex            ###.....     10%         3    ###....
h - Ensorcelled Hibernat  Hex/Ice        ##....       12%         2    ##.....


Dungeon Overview and Level Annotations

Branches:
Dungeon (8/15)
 Temple: D:4-7         Lair: D:8-11

Altars:
Ashenzari
Gozag
Okawaru
Qazlal
Xom
Zin
The Shining One


Innate Abilities, Weirdness & Mutations

You are tiny and cannot use many weapons and most armour.
You have supernaturally acute eyesight.
You are a herbivore.
You cover ground extremely quickly.
You need consume almost no food.


Message History

Read which item? (? for menu, Esc to quit)
As you read the scroll labeled VIGRIMEXIR, it crumbles to dust.
You feel aware of your surroundings.
It was a scroll of magic mapping.
The jackal barely misses you.
You see here 17 gold pieces.
You now have 60 gold pieces (gained 17).
The jackal closely misses you.
You see here 12 gold pieces.
You now have 72 gold pieces (gained 12).
The jackal completely misses you.
An orc comes into view.
An orc warrior comes into view. It is wielding a short sword.
An orc wizard comes into view. It is wielding a dagger.
The orc shouts!
The orc warrior shouts!
The orc wizard shouts!
The orc wizard points at you and mumbles some strange words.
The magic dart hits you!
* * * LOW HITPOINT WARNING * * *
The orc warrior hits you with a short sword!
Ouch! That really hurt!
You die...

,**,* *,,,,,,,,,,* *,*
###.###,,,,,.....# *,*
......#,,,,,,....###,#
......#*,,,,*#...#.#.#
......#******#...#.#.###***
......# #.o........,,* ......#
##........,,,,*
......#######..o...#####*,****
............h...@.......,,,,,*
#.#..########.o....#####*,****
#.#......#**#......# *,*
h...##.####,#......# *,*
...................#* *,*
....................# *,*
........###.##....###****,*
............,......,,,,,*,*
#.#.........,.....#.*********


You could see an orc warrior, an orc wizard, an orc and a jackal.

Vanquished Creatures
  A hound (D:4)
  A jelly (D:7)
  Natasha (D:4)
  A dart slug (D:4)
  A giant gecko (D:4)
  A bat (D:2)
  A goblin (D:2)
  A giant newt (D:2)
8 creatures vanquished.

Notes
Turn   | Place    | Note
--------------------------------------------------------------
     0 | D:1      | Charly the Spriggan Enchanter began the quest for the Orb.
     0 | D:1      | Reached XP level 1. HP: 9/9 MP: 5/5
   114 | D:4      | Noticed a hound
   115 | D:4      | Killed a hound
   115 | D:4      | Reached skill level 5 in Stealth
   115 | D:4      | Reached XP level 2. HP: 9/13 MP: 6/6
   115 | D:4      | Reached XP level 3. HP: 11/16 MP: 8/8
   119 | D:4      | Learned a level 2 spell: Ensorcelled Hibernation
   123 | D:4      | Learned a level 3 spell: Confuse
   194 | D:4      | Noticed Natasha
   215 | D:4      | Killed Natasha
   215 | D:4      | Reached skill level 6 in Stealth
   244 | D:4      | Found a glowing silver altar of Zin.
   251 | D:4      | Found a stormy altar of Qazlal.
   251 | D:4      | Found an iron altar of Okawaru.
   253 | D:4      | Found a glowing golden altar of the Shining One.
   255 | D:4      | Found a shattered altar of Ashenzari.
   256 | D:4      | Found a shimmering altar of Xom.
   289 | D:5      | Entered Level 5 of the Dungeon
   384 | D:7      | Found an opulent altar of Gozag.
   404 | D:7      | Noticed a giant frog
   429 | D:7      | Noticed an ogre
   431 | D:7      | Noticed a centaur
   444 | D:7      | Reached skill level 5 in Hexes
   444 | D:7      | Reached XP level 4. HP: 14/21 MP: 9/9
   485 | D:7      | Got a steaming flail
   522 | D:7      | Noticed an orc warrior
   527 | D:7      | Slain by an orc warrior

Skill      XL: |  1  2  3 |
---------------+----------+-----
Stealth        | 5 6 |  6.5
Hexes          | 4 5 |  5.0
Short Blades   | |  1.1
Dodging        | |  3.0
Spellcasting   | |  2.6

Action                   |  1- 3 |  4- 6 || total
-------------------------+-------+-------++-------
Melee: Dagger            |    19 |       ||    19
 Cast: Corona            |     2 |       ||     2
       Confuse           |     2 |       ||     2
  Use: Scroll            |     3 |     1 ||     4
 Stab: Sleeping          |     5 |       ||     5
       Distracted        |     1 |       ||     1
       Confused          |     1 |       ||     1
  Eat: Pizza             |     1 |       ||     1
Armor: Robe              |     2 |       ||     2
Dodge: Dodged            |    36 |     5 ||    41
